EL
ALTOONA CURVE @ COLORADO (EL) ROCKIES
08/15/2049
 
TOP OF THE 1ST
Altoona Curve batting - Pitching for Colorado (EL) Rockies : RHP Dave Shanks
Pitching: RHP Dave Shanks
Batting: RHB Melvin Durland 0-0: Foul Ball, location: 2F
0-1: Ball
1-1: Foul Ball, location: 2F
1-2: DOUBLE (Line Drive, 5D, EV 103.8 MPH)
Batting: RHB Alex Arzate 0-0: Called Strike
0-1: Ground out 5-3 (Groundball, 56, EV 82.5 MPH)
Batting: LHB Josh Aerni 0-0: Called Strike
0-1: Swinging Strike
0-2: Strikes out swinging
Batting: RHB Brandon White 0-0: Ball
1-0: Foul Ball, location: 2F
1-1: Ball
2-1: Called Strike
2-2: Fly out, F8 (Flyball, 8LS, EV 83.8 MPH)
Top of the 1st over - 0 runs, 1 hit, 0 errors, 1 left on base; Altoona 0 - Colorado (EL) 0
BOTTOM OF THE 1ST
Colorado (EL) Rockies batting - Pitching for Altoona Curve : LHP Alfredo Carranza
Pitching: LHP Alfredo Carranza
Batting: SHB Jamie Mims 0-0: Ball
1-0: Called Strike
1-1: SINGLE (Groundball, 4M, EV 95.6 MPH)
Batting: SHB Bobby Santor 0-0: Ball
1-0: Fly out, F3 (Popup, 3L, EV 66.9 MPH)
Batting: RHB Ryan Rinaldi 0-0: Called Strike
Jamie Mims steals 2nd base
0-1: Foul Ball, location: 2F
0-2: Ball
1-2: Foul Ball, location: 2F
1-2: Ball
2-2: Ball
3-2: Ground out 5-3 (Groundball, 56S, EV 77.5 MPH)
Jamie Mims to third
Batting: RHB Maurice Moore 0-0: Ball
1-0: Called Strike
1-1: Called Strike
1-2: Foul Ball, location: 2F
1-2: Ball
2-2: 2-RUN HOME RUN (Flyball, 9D, EV 103.1 MPH), Distance : 381 ft
Batting: LHB Paul McClintock 0-0: Ball
1-0: Ball
2-0: Foul Ball, location: 2F
2-1: Called Strike
2-2: Ground out U3 (Groundball, 3, EV 103.8 MPH)
Bottom of the 1st over - 2 runs, 2 hits, 0 errors, 0 left on base; Altoona 0 - Colorado (EL) 2
TOP OF THE 2ND
Altoona Curve batting - Pitching for Colorado (EL) Rockies : RHP Dave Shanks
Batting: LHB Joe Wise 0-0: Called Strike
0-1: Ground out U3 (Groundball, 3S, EV 86.9 MPH)
Batting: RHB Steve Terres 0-0: Ball
1-0: SINGLE (Flyball, 4MD, EV 95.0 MPH)
Batting: RHB Tim Moore 0-0: Fly out, F6 (Line Drive, 6, EV 67.5 MPH)
Batting: RHB Chris McCoy 0-0: Ball
1-0: Ball
2-0: SINGLE (Flyball, 9LM, EV 93.1 MPH)
Steve Terres to second
Runner from 2nd tries for 3rd, SAFE, no throw by RF
Batting: RHB Terrence Wilson 0-0: Foul Ball, location: 2F
0-1: Swinging Strike
0-2: Ball
1-2: Strikes out swinging
Top of the 2nd over - 0 runs, 2 hits, 0 errors, 2 left on base; Altoona 0 - Colorado (EL) 2
BOTTOM OF THE 2ND
Colorado (EL) Rockies batting - Pitching for Altoona Curve : LHP Alfredo Carranza
Batting: RHB Chris Tatum 0-0: Ball
1-0: Ground out 6-3 (Groundball, 6, EV 100.6 MPH)
Batting: SHB Craig Ruzic 0-0: Ball
1-0: Called Strike
1-1: Swinging Strike
1-2: Ball
2-2: Ball
3-2: Base on Balls
Batting: LHB Jerry Santana 0-0: Foul Ball, location: 2F
0-1: Foul Ball, location: 2F
0-2: Strikes out swinging
Batting: LHB Daniel Green 0-0: Called Strike
0-1: Ball
1-1: Called Strike
1-2: Foul Ball, location: 2F
1-2: Ball
2-2: Ground out 4-3 (Groundball, 34S, EV 81.2 MPH)
Bottom of the 2nd over - 0 runs, 0 hits, 0 errors, 1 left on base; Altoona 0 - Colorado (EL) 2
TOP OF THE 3RD
Altoona Curve batting - Pitching for Colorado (EL) Rockies : RHP Dave Shanks
Batting: RHB Melvin Durland 0-0: Called Strike
0-1: Ball
1-1: Ball
2-1: Foul Ball, location: 2F
2-2: Foul Ball, location: 2F
2-2: Ball
3-2: Strikes out swinging
Batting: RHB Alex Arzate 0-0: Foul Ball, location: 2F
0-1: Ball
1-1: Ball
2-1: Called Strike
2-2: Ball
3-2: Base on Balls
Batting: LHB Josh Aerni 0-0: Called Strike
0-1: Foul Ball, location: 2F
0-2: Ball
1-2: Fly out, F7 (Flyball, 7D, EV 80.6 MPH)
Batting: RHB Brandon White Balk!
Alex Arzate to second
0-0: SINGLE (Line Drive, 9LM, EV 96.9 MPH)
Alex Arzate to third
Runner from 3rd tries for Home, SAFE, throw by RF to home
Batting: LHB Joe Wise 0-0: Fielders Choice at 2nd, 5-4 (Groundball, 56, EV 81.2 MPH)
Top of the 3rd over - 1 run, 1 hit, 0 errors, 1 left on base; Altoona 1 - Colorado (EL) 2
BOTTOM OF THE 3RD
Colorado (EL) Rockies batting - Pitching for Altoona Curve : LHP Alfredo Carranza
Batting: SHB Jamie Mims 0-0: Called Strike
0-1: Swinging Strike
0-2: Ground out 6-3 (Groundball, 56D, EV 89.4 MPH)
Batting: SHB Bobby Santor 0-0: Foul Ball, location: 2F
0-1: Foul Ball, location: 2F
0-2: Foul Ball, location: 2F
0-2: Ball
1-2: Ball
2-2: Fly out, F9 (Flyball, 9LD, EV 90.6 MPH)
Batting: RHB Ryan Rinaldi 0-0: Ball
1-0: Ball
2-0: Ball
3-0: Swinging Strike
3-1: Swinging Strike
3-2: Foul Ball, location: 2F
3-2: Ground out 5-3 (Groundball, 56S, EV 78.1 MPH)
Bottom of the 3rd over - 0 runs, 0 hits, 0 errors, 0 left on base; Altoona 1 - Colorado (EL) 2
TOP OF THE 4TH
Altoona Curve batting - Pitching for Colorado (EL) Rockies : RHP Dave Shanks
Batting: RHB Steve Terres 0-0: Called Strike
0-1: Ball
1-1: Ball
2-1: Foul Ball, location: 2F
2-2: Strikes out looking
Batting: RHB Tim Moore 0-0: Ball
1-0: Called Strike
1-1: Ball
2-1: Swinging Strike
2-2: Fly out, F9 (Flyball, 9, EV 93.8 MPH)
Batting: RHB Chris McCoy 0-0: Ball
1-0: Fly out, F9 (Line Drive, 9, EV 105.6 MPH)
Top of the 4th over - 0 runs, 0 hits, 0 errors, 0 left on base; Altoona 1 - Colorado (EL) 2
BOTTOM OF THE 4TH
Colorado (EL) Rockies batting - Pitching for Altoona Curve : LHP Alfredo Carranza
Batting: RHB Maurice Moore 0-0: Ball
1-0: Foul Ball, location: 2F
1-1: Ball
2-1: Ball
3-1: Foul Ball, location: 2F
3-2: Strikes out swinging
Batting: LHB Paul McClintock 0-0: DOUBLE (Flyball, 7LD, EV 94.4 MPH) - OUT at third base trying to stretch hit.
Batting: RHB Chris Tatum 0-0: Foul Ball, location: 2F
0-1: Ball
1-1: Ball
2-1: Ball
3-1: Base on Balls
Batting: SHB Craig Ruzic 0-0: Ball
1-0: Foul Ball, location: 2F
1-1: Ball
2-1: Foul Ball, location: 2F
2-2: Ball
3-2: Base on Balls
Chris Tatum to second
Batting: LHB Jerry Santana 0-0: Called Strike
0-1: Ball
1-1: SINGLE (Groundball, 34S, EV 71.9 MPH) (infield hit)
Chris Tatum to third
Craig Ruzic to second
Batting: LHB Daniel Green 0-0: Foul Ball, location: 2F
0-1: Called Strike
0-2: Foul Ball, location: 2F
0-2: Ball
1-2: Foul Ball, location: 2F
1-2: SINGLE (Flyball, 8RS, EV 88.8 MPH)
Chris Tatum scores
Craig Ruzic to third
Jerry Santana to second
Batting: SHB Jamie Mims 0-0: Fly out, F6 (Line Drive, 6, EV 63.1 MPH)
Bottom of the 4th over - 1 run, 3 hits, 0 errors, 3 left on base; Altoona 1 - Colorado (EL) 3
TOP OF THE 5TH
Altoona Curve batting - Pitching for Colorado (EL) Rockies : RHP Dave Shanks
Batting: RHB Terrence Wilson 0-0: Ball
1-0: Ground out 6-3 (Groundball, 6, EV 90.0 MPH)
Batting: RHB Melvin Durland 0-0: Ball
1-0: Ball
2-0: Called Strike
2-1: Fly out, F7 (Line Drive, 7S, EV 97.5 MPH)
Batting: RHB Alex Arzate 0-0: Called Strike
0-1: Ball
1-1: Ball
2-1: Swinging Strike
2-2: Strikes out swinging
Top of the 5th over - 0 runs, 0 hits, 0 errors, 0 left on base; Altoona 1 - Colorado (EL) 3
BOTTOM OF THE 5TH
Colorado (EL) Rockies batting - Pitching for Altoona Curve : LHP Alfredo Carranza
Batting: SHB Bobby Santor 0-0: Foul Ball, location: 2F
0-1: Swinging Strike
0-2: Ball
1-2: SINGLE (Groundball, 6MD, EV 104.4 MPH)
Batting: RHB Ryan Rinaldi 0-0: Ball
1-0: DOUBLE (Line Drive, 89M, EV 104.4 MPH)
Bobby Santor to third
Batting: RHB Maurice Moore 0-0: Ball
1-0: Ball
2-0: Ball
3-0: Base on Balls
Batting: LHB Paul McClintock 0-0: Ball
1-0: SINGLE (Line Drive, 6M, EV 105.0 MPH)
Bobby Santor scores
Ryan Rinaldi to third
Maurice Moore to second
Batting: RHB Chris Tatum 0-0: Ball
1-0: Called Strike
1-1: Called Strike
1-2: Strikes out looking
Batting: SHB Craig Ruzic 0-0: Called Strike
0-1: Foul Ball, location: 2F
0-2: Strikes out swinging
Pitching: RHP Franklin Amaro
Batting: LHB Jerry Santana 0-0: Ball
1-0: Fly out, F9 (Flyball, 9LSF, EV 71.2 MPH)
Bottom of the 5th over - 1 run, 3 hits, 0 errors, 3 left on base; Altoona 1 - Colorado (EL) 4
TOP OF THE 6TH
Altoona Curve batting - Pitching for Colorado (EL) Rockies : RHP Dave Shanks
Batting: LHB Josh Aerni 0-0: Ball
1-0: SINGLE (Flyball, 78S, EV 91.9 MPH)
Pitching: RHP Michael Conrad
Batting: RHB Brandon White 0-0: Foul Ball, location: 2F
0-1: Ball
1-1: Foul Ball, location: 2F
1-2: Fly out, F9 (Line Drive, 9S, EV 91.9 MPH)
Batting: LHB Joe Wise Pickoff Throw to First - Out! 1-3
0-0: Foul Ball, location: 2F
0-1: Foul Ball, location: 2F
0-2: Ball
1-2: Ball
2-2: SINGLE (Groundball, 34S, EV 71.9 MPH) (infield hit)
Batting: RHB Steve Terres 0-0: Called Strike
0-1: Swinging Strike
0-2: Ball
1-2: Ball
2-2: Ball
Balk!
Joe Wise to second
3-2: SINGLE (Line Drive, 7S, EV 108.1 MPH)
Joe Wise to third
Runner from 3rd tries for Home, SAFE, throw by LF to home
Batting: RHB Tim Moore 0-0: Swinging Strike
0-1: SINGLE (Groundball, 34D, EV 96.2 MPH)
Steve Terres to second
Runner from 2nd tries for 3rd, OUT! 9-5
Top of the 6th over - 1 run, 4 hits, 0 errors, 1 left on base; Altoona 2 - Colorado (EL) 4
BOTTOM OF THE 6TH
Colorado (EL) Rockies batting - Pitching for Altoona Curve : RHP Franklin Amaro
Batting: LHB Daniel Green 0-0: Called Strike
0-1: Ball
1-1: Foul Ball, location: 2F
1-2: Ball
2-2: Ball
3-2: Foul Ball, location: 2F
3-2: Foul Ball, location: 2F
3-2: Base on Balls
Batting: SHB Jamie Mims 0-0: Ball
Daniel Green steals 2nd base (no throw)
1-0: SINGLE (Groundball, 3S, EV 66.2 MPH) (infield hit)
Daniel Green to third
Batting: SHB Bobby Santor 0-0: Ball
1-0: Ball
2-0: Ball
3-0: Base on Balls
Jamie Mims to second
Batting: RHB Ryan Rinaldi 0-0: Called Strike
0-1: Ball
1-1: Grounds into fielders choice 1-2 (Groundball, 13S, EV 73.8 MPH)
Jamie Mims to third
Bobby Santor to second
Batting: RHB Maurice Moore 0-0: Called Strike
0-1: Fly out, F3 (Popup, 23F, EV 76.2 MPH)
Batting: LHB Paul McClintock 0-0: Called Strike
0-1: Called Strike
0-2: Ground out 4-3 (Groundball, 4S, EV 87.5 MPH)
Bottom of the 6th over - 0 runs, 1 hit, 0 errors, 3 left on base; Altoona 2 - Colorado (EL) 4
TOP OF THE 7TH
Altoona Curve batting - Pitching for Colorado (EL) Rockies : RHP Michael Conrad
Batting: RHB Chris McCoy 0-0: Ball
1-0: SINGLE (Line Drive, 56D, EV 106.2 MPH)
Batting: RHB Terrence Wilson 0-0: Called Strike
0-1: Swinging Strike
0-2: Foul Ball, location: 2F
0-2: Ball
1-2: Foul Ball, location: 2F
1-2: Ball
2-2: Fly out, F9 (Flyball, 89M, EV 80.0 MPH)
Batting: RHB Melvin Durland 0-0: Called Strike
0-1: SINGLE (Flyball, 4MD, EV 90.6 MPH)
Chris McCoy to second
Batting: RHB Alex Arzate 0-0: Swinging Strike
0-1: Ball
1-1: Swinging Strike
1-2: Ball
2-2: Ball
3-2: Fly out, F8 (Flyball, 78M, EV 86.2 MPH)
Batting: LHB Josh Aerni 0-0: Ball
1-0: Foul Ball, location: 2F
1-1: Fly out, F3 (Popup, 3S, EV 71.9 MPH)
Top of the 7th over - 0 runs, 2 hits, 0 errors, 2 left on base; Altoona 2 - Colorado (EL) 4
BOTTOM OF THE 7TH
Colorado (EL) Rockies batting - Pitching for Altoona Curve : RHP Franklin Amaro
Batting: RHB Chris Tatum 0-0: Called Strike
0-1: Foul Ball, location: 2F
0-2: Foul Ball, location: 2F
0-2: Ball
1-2: Foul Ball, location: 2F
1-2: TRIPLE (Flyball, 9LD, EV 102.5 MPH)
Batting: SHB Craig Ruzic 0-0: Ball
1-0: Called Strike
1-1: Foul Ball, location: 2F
1-2: Fly out, F6 (Popup, 6M, EV 75.0 MPH)
Batting: LHB Jerry Santana 0-0: Ball
1-0: Fly out, F8 (Flyball, 8LM, EV 88.8 MPH)
Batting: LHB Daniel Green 0-0: Ball
1-0: Called Strike
1-1: Ball
2-1: Ball
3-1: Ground out 3-1 (Groundball, 34S, EV 92.5 MPH)
Bottom of the 7th over - 0 runs, 1 hit, 0 errors, 1 left on base; Altoona 2 - Colorado (EL) 4
TOP OF THE 8TH
Altoona Curve batting - Pitching for Colorado (EL) Rockies : RHP Michael Conrad
Pitching: LHP Domenic Wells
Batting: RHB Brandon White 0-0: Ball
1-0: Ball
2-0: Ball
3-0: Base on Balls
Batting: LHB Joe Wise 0-0: Ball
1-0: Ball
Pickoff Throw to First - Error! E1
Brandon White to second
2-0: Called Strike
2-1: Called Strike
2-2: Ball
3-2: Base on Balls
Batting: RHB Steve Terres 0-0: Ball
1-0: Bunt missed!
1-1: Bunted foul
1-2: Fly out, F7 (Flyball, 7, EV 90.6 MPH)
Batting: RHB Tim Moore 0-0: Ball
1-0: Grounds into double play, 4-6-3 (Groundball, 4, EV 90.6 MPH)
Top of the 8th over - 0 runs, 0 hits, 1 error, 1 left on base; Altoona 2 - Colorado (EL) 4
BOTTOM OF THE 8TH
Colorado (EL) Rockies batting - Pitching for Altoona Curve : RHP Franklin Amaro
Pitching: LHP Mike Alcaraz
Batting: SHB Jamie Mims 0-0: Ball
1-0: SINGLE (Line Drive, 7S, EV 90.6 MPH)
Batting: SHB Bobby Santor 0-0: Bunt missed!
0-1: Bunted foul
0-2: Grounds into double play, 5-4-3 (Groundball, 15, EV 90.6 MPH)
Batting: RHB Ryan Rinaldi 0-0: Called Strike
0-1: Swinging Strike
0-2: Strikes out swinging
Bottom of the 8th over - 0 runs, 1 hit, 0 errors, 0 left on base; Altoona 2 - Colorado (EL) 4
TOP OF THE 9TH
Altoona Curve batting - Pitching for Colorado (EL) Rockies : LHP Domenic Wells
Pitching: RHP Bobby Servin
Batting: RHB Chris McCoy 0-0: Called Strike
0-1: Ball
1-1: Swinging Strike
1-2: Ball
2-2: Ball
3-2: Base on Balls
Pinch Hitting: LHB Rogelio Nunez 0-0: SINGLE (Groundball, 4MD, EV 108.1 MPH)
Chris McCoy to second
Batting: RHB Melvin Durland 0-0: Bunt missed!
0-1: Bunted foul
0-2: Ball
1-2: Ball
2-2: Hit by Pitch
Chris McCoy to third
Rogelio Nunez to second
Batting: RHB Alex Arzate 0-0: Swinging Strike
0-1: Fielders Choice at 2nd, 3-6 (Groundball, 3D, EV 91.2 MPH)
Chris McCoy scores
Rogelio Nunez to third
Batting: LHB Josh Aerni 0-0: Ball
1-0: Ball
2-0: Ball
3-0: Base on Balls
Alex Arzate to second
Batting: RHB Brandon White 0-0: Ball
1-0: Fly out, F9 (Flyball, 9LD, EV 96.2 MPH)
Runner from 3rd tags up, SCORES, throw by RF
Alex Arzate to third
Batting: LHB Joe Wise 0-0: Ball
1-0: Ground out 5-3 (Groundball, 56S, EV 93.1 MPH)
Top of the 9th over - 2 runs, 1 hit, 0 errors, 2 left on base; Altoona 4 - Colorado (EL) 4
BOTTOM OF THE 9TH
Colorado (EL) Rockies batting - Pitching for Altoona Curve : LHP Mike Alcaraz
Now in CF: Rogelio Nunez
Batting: RHB Maurice Moore 0-0: Ball
1-0: Ball
2-0: Swinging Strike
2-1: Ball
3-1: DOUBLE (Flyball, 89XD, EV 101.2 MPH)
Pinch Hitting: RHB Bobby Bowman 0-0: Ball
1-0: Fly out, F7 (Flyball, 78S, EV 85.0 MPH)
Batting: RHB Chris Tatum 0-0: Intentional Walk
Batting: SHB Craig Ruzic 0-0: Ball
1-0: Foul Ball, location: 2F
1-1: Fielders Choice at 2nd, 4-6 (Groundball, 4, EV 97.5 MPH)
Maurice Moore to third
Pinch Hitting: RHB Wali Mulogo 0-0: Foul Ball, location: 2F
0-1: Called Strike
0-2: Foul Ball, location: 2F
0-2: Fly out, F3 (Line Drive, 3D, EV 73.8 MPH)
Bottom of the 9th over - 0 runs, 1 hit, 0 errors, 2 left on base; Altoona 4 - Colorado (EL) 4
TOP OF THE 10TH
Altoona Curve batting - Pitching for Colorado (EL) Rockies : RHP Bobby Servin
Pitching: LHP Jared Lummus
Now at 3B: John Corfield
Now in LF: Seisaburo Edagawa
Now in CF: Jamie Mims
Batting: RHB Steve Terres 0-0: Called Strike
0-1: Swinging Strike
0-2: Ball
1-2: SOLO HOME RUN (Flyball, 7LD, EV 100.0 MPH), Distance : 380 ft
Batting: RHB Tim Moore 0-0: Foul Ball, location: 2F
0-1: Foul Ball, location: 2F
0-2: Ball
1-2: Ball
2-2: Foul Ball, location: 2F
2-2: Ground out 5-3 (Groundball, 56S, EV 71.2 MPH)
Batting: RHB Chris McCoy 0-0: Ground out 6-3 (Groundball, 6S, EV 78.8 MPH)
Batting: LHB Rogelio Nunez 0-0: Ball
1-0: Foul Ball, location: 2F
1-1: Swinging Strike
1-2: Strikes out looking
Top of the 10th over - 1 run, 1 hit, 0 errors, 0 left on base; Altoona 5 - Colorado (EL) 4
BOTTOM OF THE 10TH
Colorado (EL) Rockies batting - Pitching for Altoona Curve : LHP Mike Alcaraz
Pitching: RHP Joe Simanton
Batting: LHB Daniel Green 0-0: Ball
1-0: Ground out 6-3 (Groundball, 6, EV 86.2 MPH)
Batting: SHB Jamie Mims 0-0: SINGLE (Groundball, 5D, EV 106.2 MPH)
Batting: SHB Bobby Santor 0-0: Swinging Strike
0-1: Swinging Strike
0-2: Strikes out swinging
Batting: RHB Ryan Rinaldi 0-0: Called Strike
0-1: Ball
1-1: Foul Ball, location: 2F
1-2: Strikes out swinging
Bottom of the 10th over - 0 runs, 1 hit, 0 errors, 1 left on base; Altoona 5 - Colorado (EL) 4
Sunday, July 16th , 2023 - OOTP Baseball 24.6 Build 69